 Dungeon Crawl Stone Soup version 0.30-a0-385-gfebfb9b408 (webtiles) character file.

Game seed: 1268817331596121151

615 IdlyInterested the Trooper (level 7, -7/56 HPs)
             Began as a Demonspawn Wanderer on Dec 2, 2022.
             Splashed by a jelly's acid (8 damage)
             ... on level 4 of the Dungeon.
             The game lasted 00:15:07 (2976 turns).

IdlyInterested the Trooper (Demonspawn Wanderer)    Turns: 2976, Time: 00:15:08

Health: -7/56      AC: -4    Str: 11    XL:     7   Next: 21%
Magic:  13/13      EV: 11    Int: 19    God:
Gold:   143        SH: 10    Dex: 10    Spells: 12/14 levels left

rFire   . . .      SeeInvis .    B - +0 short sword (vamp)
rCold   . . .      Faith    .    d - +2 buckler
rNeg    . . .      Spirit   .    t - +0 robe
rPois   .          Reflect  .    (helmet restricted)
rElec   .          Harm     .    (no cloak)
rCorr   .          Rampage  .    (no gloves)
Will    .....                    l - +0 pair of boots
Stlth   +.........               m - amulet of the acrobat
HPRegen 0.29/turn                c - +4 ring of protection
MPRegen 0.13/turn                (no ring)

@: corroded
A: horns 1, spiny 1, condensation shield, weakness stinger 1
a: no special abilities


You were on level 4 of the Dungeon.
You visited 1 branch of the dungeon, and saw 4 of its levels.

You collected 143 gold pieces.

Inventory:

Hand Weapons
 a - a +2 vorpal falchion
 h - a +0 spear
 q - a +0 falchion
 v - a +0 antimagic trident
 B - a +0 vampiric short sword (weapon)
Missiles
 f - 5 boomerangs of dispersal
 g - 11 poisoned darts
 i - 13 stones
Armour
 d - a +2 buckler (worn)
 l - a +0 pair of boots (worn)
 s - a +0 ring mail
 t - a +0 robe (worn)
 u - a +0 leather armour
 A - a +0 robe
Jewellery
 c - a +4 ring of protection (left hand)
 m - an amulet of the acrobat (around neck)
Wands
 r - a wand of roots (23)
 y - a wand of digging (3)
Scrolls
 j - a scroll of teleportation {unknown}
 o - a scroll of immolation {unknown}
 w - 3 scrolls of identify {unknown}
Potions
 b - a potion of lignification
 e - a potion of flight {unknown}
 k - 2 potions of heal wounds
 n - 2 potions of attraction
 p - a potion of curing {unknown}
 x - a potion of haste {unknown}
 z - a potion of degeneration {unknown}


   Skills:
 + Level 5.0 Fighting
 - Level 2.0 Throwing
 - Level 1.0 Armour
 - Level 1.0 Dodging
 - Level 1.0 Stealth
 - Level 2.6 Shields
 - Level 4.0 Spellcasting
 - Level 1.0 Conjurations
 - Level 1.0 Necromancy
 - Level 1.0 Air Magic
 * Level 3.0 Evocations


You had 12 spell levels left.
You knew the following spells:

 Your Spells              Type           Power      Damage    Failure   Level
a - Shock                 Conj/Air       28%        1d4       12%         1
b - Kiss of Death         Conj/Necr      28%        2d7       12%         1

Your spell library contained the following spells:

 Spells                   Type           Power      Damage    Failure   Level
 Dazzling Flash           Conj/Hex       10%        N/A       41%         3
 Kindle Blastsparks       Fire/Tloc/Air  10%        2d10      43%         3
 Confusing Touch          Hex            3%         N/A       47%         3
 Gell's Gravitas          Tloc           3%         N/A       47%         3
 Ignite Poison            Fire/Tmut/Pois 3%         N/A       47%         3
 Teleport Other           Tloc           3%         N/A       47%         3
 Dispel Undead            Necr           7%         3d8       75%         4
 Sticky Flame             Conj/Fire      5%         2d3       82%         4
 Agony                    Necr           7%         N/A       97%         5
 Silence                  Hex/Air        2%         N/A       99%         5
 Dispersal                Tloc           1%         N/A       100%        6
 Ignition                 Fire           1%         3d3       100%        8


Dungeon Overview and Level Annotations

Branches:
Dungeon (4/15)
 Temple: D:4-7

Altars:
Fedhas
Okawaru
Qazlal


Innate Abilities, Weirdness & Mutations

You have a pair of small horns on your head.
You are partially covered in sharp spines.
A meltable shield of frost defends you. (SH +4)
You have a small tail.


Message History

You hit the jelly but do no damage.
Your branches burn!
The jelly is heavily wounded.
The jelly hits you.
You are splashed with acid!
You hit the jelly but do no damage. The acid corrodes you!
Your branches burn!
The jelly is heavily wounded.
You block the jelly's attack.
You hit the jelly.
You feel better. The acid corrodes you!
Your branches burn!
The jelly is heavily wounded.
The jelly hits you but does no damage.
You hit the jelly but do no damage.
Your branches burn!
The jelly is heavily wounded.
The jelly barely misses you.
You hit the jelly but do no damage.
Your branches burn!
The jelly is heavily wounded.
The jelly hits you but does no damage.
You hit the jelly but do no damage.
Your branches burn!
The jelly is heavily wounded.
You feel less wooden.
Your +0 pair of boots unmelds from your body.
Your +0 robe unmelds from your body.
You block the jelly's attack.
You barely miss the jelly.
The jelly is heavily wounded.
You block the jelly's attack.
You hit the jelly.
Your hands burn!
* * * LOW HITPOINT WARNING * * *
You headbutt the jelly, but do no damage.
The jelly is severely wounded.
The jelly barely misses you.
You hit the jelly but do no damage.
Your hands burn!
* * * LOW HITPOINT WARNING * * *
You tail-slap the jelly, but do no damage.
The jelly is severely wounded.
The jelly is struck by your spines. The jelly hits you.
* * * LOW HITPOINT WARNING * * *
You are splashed with acid!
* * * LOW HITPOINT WARNING * * *
The jelly hits you.
* * * LOW HITPOINT WARNING * * *
The acid corrodes you!
You are splashed with acid!
You die...

#..#......†..........
#......
....####.............#
#...... ...
#..##.........#...........
...
#.............#...........
##
###......)......+...........
...............##......#####
......#.........+......#
......'...#######......#
...o..#..)J@..# .......
......'.#)###+###.......
......#................#
......#................
..... #............##+#
..... #...............# ....
#.............### ....
#............>#
#............##


You could see a jelly.

Vanquished Creatures
  An orc warrior (D:4)
  Blork the orc (D:4)
  A scorpion (D:4)
  2 orc priests (D:3)
  2 iguanas (D:4)
  Ijyb (D:3)
  2 orc wizards
  Robin (D:3)
  3 gnolls (D:2)
  5 adders
  A worm (D:3)
  6 dart slugs
  11 orcs
  6 bats
  4 endoplasms
  6 giant cockroaches (D:1)
  17 goblins
  7 hobgoblins
  4 jackals
  2 quokkas
  9 ball pythons
  4 frilled lizards
  9 kobolds
  6 rats
111 creatures vanquished.

Vanquished Creatures (others)
  A fungus (D:1)
  3 plants (D:1)
4 creatures vanquished.

Grand Total: 115 creatures vanquished

Notes
Turn   | Place    | Note
-------+----------+-------------------------------------------
     0 | D:1      | IdlyInterested the Demonspawn Wanderer began the quest for
                  | the Orb.
     0 | D:1      | IdlyInterested set off with the following items: a +0 club,
                  | 2 potions of lignification, a +0 robe, a +2 buckler; and
                  | the following spell memorised: Shock; and the following
                  | spells available to memorise: Kindle Blastsparks.
     0 | D:1      | Reached XP level 1. HP: 15/15 MP: 2/2
    98 | D:1      | Reached skill level 1 in Conjurations
   172 | D:1      | Found a faded altar of an unknown god.
   250 | D:1      | Discovered your monstrous ancestry.
   250 | D:1      | Gained mutation: You have a pair of small horns on your
                  | head. [demonic ancestry]
   250 | D:1      | Reached XP level 2. HP: 7/21 MP: 0/3
   338 | D:1      | Reached skill level 1 in Stealth
   508 | D:1      | Reached skill level 1 in Dodging
   559 | D:1      | Gained mutation: A meltable shield of frost defends you.
                  | (SH +4) [demonic ancestry]
   559 | D:1      | Reached XP level 3. HP: 26/26 MP: 5/5
   967 | D:2      | Reached skill level 1 in Armour
  1191 | D:2      | Learned a level 1 spell: Kiss of Death
  1214 | D:2      | Gained mutation: You are partially covered in sharp spines.
                  | [demonic ancestry]
  1214 | D:2      | Reached XP level 4. HP: 15/32 MP: 7/7
  1448 | D:2      | Reached skill level 1 in Necromancy
  1572 | D:2      | Reached skill level 2 in Fighting
  1739 | D:3      | Noticed Ijyb
  1754 | D:3      | Killed Ijyb
  1755 | D:3      | Reached XP level 5. HP: 33/39 MP: 2/8
  1960 | D:3      | Found a stormy altar of Qazlal.
  1960 | D:3      | Found a blossoming altar of Fedhas.
  1965 | D:3      | Found a faded altar of an unknown god.
  1967 | D:3      | Found an iron altar of Okawaru.
  1968 | D:3      | Found a faded altar of an unknown god.
  2077 | D:3      | Noticed Robin
  2089 | D:3      | Killed Robin
  2196 | D:3      | Reached skill level 3 in Fighting
  2406 | D:3      | Gained mutation: You have a small tail. [demonic ancestry]
  2406 | D:3      | Reached XP level 6. HP: 45/47 MP: 9/11
  2794 | D:4      | Reached skill level 4 in Fighting
  2845 | D:4      | Noticed Blork the orc
  2851 | D:4      | Killed Blork the orc
  2905 | D:4      | Noticed an orc warrior
  2917 | D:4      | Reached XP level 7. HP: 50/53 MP: 7/13
  2933 | D:4      | Reached skill level 5 in Fighting
  2976 | D:4      | HP: 2/56 [acid (8)]
  2976 | D:4      | Splashed by a jelly's acid

Illustrated notes

Levels and vault maps discovered:
D:1:      evilmike_arrival_home_sweet_home, layout_rooms,
          shapermc_ecumenical_altar_acropolis
D:2:      minmay_diamond_boxcup, layout_basic, minmay_misc_feat_encased
D:3:      layout_basic, chequers_temple_overflow_minitemple,
          nrook_mini_backslash, uniq_ijyb, uniq_robin
D:4:      layout_basic, chequers_jeans, uniq_blork_the_orc

Skill      XL: |  1  2  3  4  5  6  7 |
---------------+----------------------+-----
Throwing       | 2 |  2.0
Conjurations   | 1 |  1.0
Stealth        | 1 |  1.0
Dodging        | 1 |  1.0
Armour         | 1 |  1.0
Spellcasting   | 2 3 4 |  4.0
Necromancy     | 1 |  1.0
Fighting       | 2 3 4 5 |  5.0
Evocations     | 3 |  3.0
Shields        | |  2.6
Air Magic      | |  1.0

Action                   |  1- 3 |  4- 6 |  7- 9 || total
-------------------------+-------+-------+-------++-------
Melee: Spear             |   119 |    15 |       ||   134
       Club              |     5 |       |       ||     5
       Headbutt          |    18 |    19 |     1 ||    38
       Trident           |       |    29 |       ||    29
       Falchion          |       |    92 |       ||    92
       Tailslap          |       |     5 |     1 ||     6
       Short sword       |       |     2 |    14 ||    16
       Unarmed           |       |       |    16 ||    16
 Cast: Shock             |    11 |    19 |     1 ||    31
       Kiss of Death     |       |     1 |       ||     1
  Use: Potion            |     2 |       |     1 ||     3
       Scroll            |     1 |       |       ||     1
 Stab: Sleeping          |     3 |     1 |       ||     4
Armor: Robe              |    25 |    18 |       ||    43
       Ring mail         |       |     8 |       ||     8
       Skin              |       |       |    10 ||    10
Dodge: Dodged            |    61 |    29 |     2 ||    92
Block: Buckler           |    62 |    81 |    11 ||   154

Table legend: (Time is in decaauts)
 A = Elapsed time spent in this place.
 B = Non-inter-level travel time spent in this place.
 C = Inter-level travel time spent in this place.
 D = Time resting spent in this place.
 E = Time spent auto-exploring this place.
 F = Levels seen in this place.
 G = Mean time per level.
                   A        B        C        D        E       F      G
               +--------+--------+--------+--------+--------+-----+--------+
         Total |   3037 |   2766 |    271 |    500 |   1144 |   4 |  759.2 |
       Dungeon |   3037 |   2766 |    271 |    500 |   1144 |   4 |  759.2 |
               +--------+--------+--------+--------+--------+-----+--------+

Top non-repeatable levels by time:
     D:3: 962 daAuts
     D:1: 923 daAuts
     D:2: 884 daAuts
     D:4: 267 daAuts
